 Dungeon Crawl Stone Soup version 0.27.1-1-g398f81649c (webtiles) character file.

Game seed: 18213350803211505499

367 jlumianski the Chopper (level 6, -2/56 HPs)
             Began as a Deep Dwarf Fighter on Sept 14, 2021.
             Slain by an ogre (18 damage)
             ... on level 4 of the Dungeon.
             The game lasted 00:15:08 (2645 turns).

jlumianski the Chopper (Deep Dwarf Fighter)         Turns: 2645, Time: 00:15:08

Health: -2/56      AC: 10    Str: 26    XL:     6   Next: 41%
Magic:  17/17 (8)  EV:  8    Int: 10    God:
Gold:   167        SH: 10    Dex: 12    Spells: 8/8 levels left

rFire    + . .     SeeInvis .   a - +0 war axe
rCold    . . .     Faith    .   c - +0 kite shield
rNeg     . . .     Spirit   .   b - +0 scale mail
rPois    .         Reflect  .   p - +0 helmet "Ejiol" {MP+9}
rElec    .         Harm     .   r - +0 cloak
rCorr    .         Rampage  .   (no gloves)
Will     .....                  o - +0 pair of boots
Stlth    ..........             k - amulet of magic regeneration
HPRegen  0.00/turn              f - ring of protection from fire
MPRegen  0.40/turn              m - +6 ring of strength

@: no status effects
A: damage resistance, heal wounds, sense surroundings 1, no regeneration
a: Heal Wounds


You were on level 4 of the Dungeon.
You visited 1 branch of the dungeon, and saw 4 of its levels.

You collected 167 gold pieces.

Inventory:

Hand Weapons
 a - a +0 war axe (weapon)
 d - a +4 quarterstaff of chaos
 i - a +2 dagger of speed
 v - a +2 dagger of venom
Missiles
 h - 55 sling bullets
 l - 145 stones (quivered)
 u - 5 silver boomerangs
Armour
 b - a +0 scale mail (worn)
 c - a +0 kite shield (worn)
 o - a +0 pair of boots (worn)
 p - the +0 helmet "Ejiol" (worn) {MP+9}
   (You took it off Robin on level 2 of the Dungeon)

   MP:        It affects your magic capacity (+9).
 r - a +0 cloak (worn)
Magical Staves
 t - a staff of earth
Jewellery
 f - a ring of protection from fire (left hand)
 k - an amulet of magic regeneration (around neck)
 m - a +6 ring of strength (right hand)
 n - a ring of protection from fire
Scrolls
 q - a scroll of identify
 w - a scroll of blinking {unknown}
Potions
 e - a potion of magic {unknown}
 g - 2 potions of attraction
 j - a potion of heal wounds
 s - a potion of curing


   Skills:
 + Level 3.2 Fighting
 * Level 5.0 Axes
 + Level 0.3 Throwing
 + Level 4.0 Armour
 + Level 1.2 Dodging
 + Level 4.6 Shields
 * Level 1.7 Spellcasting


You had 8 spell levels left.
You didn't know any spells.
Your spell library contained the following spells:

 Spells                   Type           Power      Damage    Failure   Level
 Call Canine Familiar     Summ           0%         N/A       100%        3
 Portal Projectile        Hex/Tloc       0%         N/A       100%        3
 Leda's Liquefaction      Hex/Erth       0%         N/A       100%        4
 Fireball                 Conj/Fire      0%         3d3       100%        5
 Starburst                Conj/Fire      0%         6d3       100%        6
 Ignition                 Fire           0%         3d3       100%        8


Dungeon Overview and Level Annotations

Branches:
Dungeon (4/15)
 Temple: D:4-7

Altars:
Dithmenos
Elyvilon

Shops:
D:1 :


Innate Abilities, Weirdness & Mutations

You are resistant to damage.
You can heal yourself by infusing magical energy.
You passively map a small area around you.
You do not regenerate.


Message History

You hear some strange, mumbled words.
Something tries to affect you, but you resist.
You barely miss something. Something completely misses you.
An ogre comes into view. It is wielding a +0 giant club.
The dart slug launches a dart at you.
The slug dart hits something.
The ogre shouts!
You hit something. Something hits you but does no damage.
The dart slug launches a dart at you.
The slug dart hits something.
You block something's attack.
You barely miss something. Something hits you but does no damage.
You miss something. Something hits you but does no damage. Something hits you.
* * * LOW HITPOINT WARNING * * *
You closely miss something. Something hits you.
You slash something!
Reactivating autopickup.
You feel a bit more experienced. The dart slug launches a dart at you.
You block the slug dart.
Your Axes skill increases to level 5!
The dart slug launches a dart at you.
The slug dart hits you but does no damage.
Items here: )) [ †††.
You slash the dart slug!
The dart slug is severely wounded.
The dart slug launches a dart at you. You block the slug dart.
You hit the dart slug.
You kill the dart slug!
You block the ogre's attack.
You slash the ogre!
The ogre is moderately wounded.
The ogre barely misses you.
You hit the ogre.
The ogre is heavily wounded.
You block the ogre's attack.
You completely miss the ogre.
The ogre is heavily wounded.
The ogre hits you with a +0 giant club!!
You die...

...###w , * ...# * *
,*#.... _ *##h.## **
, #..## ,##.... ,
*#.w#####..## * * *
#..........## ,
#...###.#.#.##
######### ,
#...##.##.##.##
......... .##
###.#.....###.# *
#....
...####.#..#####@##
.# *#.##.
..............#O##
### ..# #.#.#.
.#...........>...#
.. .... #..
#..###.#........##.#
,#.# ##. #..#
#.#........##.#
##.#*#.. #..#
#........)....#
#.#.#. #..#
##.#.......#..#
#.#####.##. #..#
#.#.......#..#
#......[... ,...#
#.#.......#..#
#######.###


You could see an ogre.

Vanquished Creatures
  Duvessa (D:3)
  Dowan (D:4)
  An orc priest (D:3)
  Crazy Yiuf (D:2)
  Natasha (D:4)
  An orc wizard (D:4)
  Robin (D:2)
  2 adders
  A worm (D:4)
  2 dart slugs
  9 orcs
  2 endoplasms
  A giant cockroach (D:3)
  10 hobgoblins
  3 kobolds
  3 quokkas
  6 ball pythons
  7 bats
  2 frilled lizards
  14 goblins
  6 rats
75 creatures vanquished.

Vanquished Creatures (others)
  3 fungi (D:2)
3 creatures vanquished.

Grand Total: 78 creatures vanquished

Notes
Turn   | Place    | Note
-------+----------+-------------------------------------------
     0 | D:1      | jlumianski the Deep Dwarf Fighter began the quest for the
                  | Orb.
     0 | D:1      | Reached XP level 1. HP: 20/20 MP: 1/1
   255 | D:1      | Reached XP level 2. HP: 20/27 MP: 2/2
   317 | D:1      | Found Geugyg's Book Emporium.
   848 | D:2      | Reached XP level 3. HP: 17/34 MP: 3/3
   917 | D:2      | Reached skill level 3 in Axes
  1251 | D:2      | Identified the +0 helmet "Ejiol" {MP+9}
  1251 | D:2      | Noticed Robin
  1281 | D:2      | Killed Robin
  1333 | D:2      | Reached XP level 4. HP: 39/42 MP: 4/4
  1508 | D:3      | Found a shadowy altar of Dithmenos.
  1711 | D:2      | Found a runed translucent door.
  1712 | D:2      | Noticed Crazy Yiuf
  1718 | D:2      | Killed Crazy Yiuf
  1873 | D:3      | Found a white marble altar of Elyvilon.
  1962 | D:3      | Reached skill level 4 in Axes
  1998 | D:3      | Reached skill level 1 in Spellcasting
  2316 | D:4      | Noticed Dowan
  2322 | D:3      | Reached XP level 5. HP: 40/49 MP: 6/6
  2346 | D:4      | Killed Dowan
  2351 | D:4      | Noticed Duvessa
  2380 | D:3      | Killed Duvessa
  2381 | D:3      | Reached skill level 1 in Dodging
  2381 | D:3      | Reached XP level 6. HP: 25/56 MP: 6/8
  2596 | D:4      | Noticed Natasha
  2633 | D:4      | Killed Natasha
  2640 | D:4      | Reached skill level 5 in Axes
  2645 | D:4      | Slain by an ogre

Illustrated notes

Levels and vault maps discovered:
D:1:      onia_arrival_mini_spirals, layout_loops_cross, serial_shops,
          nicolae_shop_waterfront
D:2:      layout_loops_corners, grunt_decor_junction, dk_noncrumbling_2,
          uniq_crazy_yiuf_cottage, uniq_robin
D:3:      minmay_octagon_keep, layout_rooms, lemuel_round_altar,
          lemuel_crystal_altar, serial_glass, glass_columns_b, glass_columns_c,
          due_unseen_surprise
D:4:      layout_loops_ring, corexii_hall_statues_deadend,
          grunt_decor_one_mirror, minmay_ruined_shrine, uniq_ijyb, uniq_duvessa,
          uniq_natasha

Skill      XL: |  1  2  3  4  5  6 |
---------------+-------------------+-----
Fighting       | 3 |  3.2
Axes           | 3 4 5 |  5.0
Spellcasting   | 1 |  1.7
Shields        | 4 |  4.6
Armour         | 4 |  4.0
Dodging        | 1 |  1.2
Throwing       | |  0.3

Action                   |  1- 3 |  4- 6 || total
-------------------------+-------+-------++-------
Melee: War axe           |   114 |   120 ||   234
Throw: Stone             |     9 |     6 ||    15
 Abil: Heal Wounds       |     1 |     5 ||     6
  Use: Potion            |     3 |     2 ||     5
       Scroll            |     1 |     2 ||     3
Armor: Scale mail        |    47 |    46 ||    93
       Skin              |       |     5 ||     5
Dodge: Dodged            |    39 |    34 ||    73
Block: Kite shield       |    75 |    72 ||   147
